 Dungeon Crawl Stone Soup version 0.19-a0-1815-g4007336 (webtiles) character file.

164 Scytalen the Firebug (level 5, -2/28 HPs)
             Began as a Tengu Fire Elementalist on Oct 5, 2016.
             Slain by a centaur zombie (8 damage)
             ... on level 3 of the Dungeon.
             The game lasted 00:08:49 (3066 turns).

Scytalen the Firebug (Tengu Fire Elementalist)      Turns: 3066, Time: 00:08:50

Health: -2/28      AC:  2    Str:  8    XL:     5   Next: 45%
Magic:  7/9        EV: 15    Int: 16    God:
Gold:   157        SH:  0    Dex: 15    Spells: 2 memorised, 4 levels left

rFire  . . .     SeeInvis .     d - -3 hunting sling (curse)
rCold  . . .     Gourm    .     a - +0 robe
rNeg   . . .     Faith    .     (no shield)
rPois  .         Spirit   .     (helmet restricted)
rElec  .         Dismiss  .     (no cloak)
rCorr  .         Reflect  .     (no gloves)
MR     .....     Harm     .     (boots unavailable)
Stlth  ++........               (no amulet)
                                (no ring)
                                r - +2 ring of evasion

@: no status effects
A: beak, talons 3, able to fly 1
a: Fly


You were on level 3 of the Dungeon.
You were not hungry.

You visited 1 branch of the dungeon, and saw 3 of its levels.

You collected 157 gold pieces.

Inventory:

Hand Weapons
 d - a cursed -3 hunting sling (weapon)
 n - a +0 hunting sling
Missiles
 e - 112 stones
 h - 54 sling bullets (quivered)
 t - 3 poisoned tomahawks
Armour
 a - a +0 robe (worn)
Jewellery
 r - a +2 ring of evasion (left hand)
Scrolls
 f - a scroll of fog {unknown}
 j - a scroll of magic mapping {unknown}
 l - a scroll of random uselessness {unknown}
 p - 2 scrolls of identify {unknown}
 s - a scroll of recharging {unknown}
Potions
 g - 2 potions of haste {unknown}
 i - a potion of heal wounds {unknown}
 k - 2 potions of mutation {unknown}
 q - 3 potions of curing {unknown}
Books
 b - a book of Flames

   Spells                             Type                      Level
   a - Flame Tongue                   Conjuration/Fire             1
   b - Throw Flame                    Conjuration/Fire             2
   c - Conjure Flame                  Conjuration/Fire             3
   d - Inner Flame                    Hexes/Fire                   3
   e - Sticky Flame                   Conjuration/Fire             4
   f - Fireball                       Conjuration/Fire             5
Comestibles
 c - 3 bread rations
 m - 2 beef jerkies


   Skills:
 - Level 2.1 Dodging
 - Level 2.0 Stealth
 - Level 2.0 Spellcasting
 + Level 4.7 Conjurations
 + Level 5.2 Fire Magic


You had 4 spell levels left.
You knew the following spells:

 Your Spells              Type           Power        Failure   Level  Hunger
a - Flame Tongue          Conj/Fire      ###..        2%          1    #......
b - Conjure Flame         Conj/Fire      ###.....     10%         3    ###....


Dungeon Overview and Level Annotations

Branches:
Dungeon (3/15)

Altars:
Makhleb
Yredelemnul


Innate Abilities, Weirdness & Mutations

You have a beak for a mouth.
You have claws for feet.
You can fly.


Message History

A giant cockroach comes into view.
You take 10 damage, and have 3/28 hp.
MASSIVE DAMAGE!!
You now have 5/9 mp.
Unknown command.
Casting: Flame Tongue
Confirm with . or Enter, or press ? or * to list all spells.
Aiming: Flame Tongue
Press: ? - help, Shift-Dir - straight line, f/p - orc priest
Aim: an orc priest (severely wounded)
The flame tongue hits the orc priest.
You kill the orc priest!
You now have 4/9 mp.
An orc comes into view.
There is an open door here.
The orc shouts!
A centaur zombie comes into view.
There is an open door here.
The centaur zombie hits you!
You die...

..#..#'#......##.................
............#.##.........###...#.
.........................# #.....
.........#....##.........###...#.
#........'.............o..so.....
#........#....##.....#'#####...#.
#....#.#.#....##.....#o#####)....
#.##.)...#.......Z...............
..##.#<.........@o.os#.##......#.
........................#........
...............................#'
.....................#.##.#......
#.............###......##.#......
#...#............................
#...#....#................#.#....
#........#...####...##.#..#.#....
#........#...####...)..........#.


You could see 3 orcs, a centaur zombie and a giant cockroach.

Vanquished Creatures
  An orc priest (D:3)
  A worker ant (D:3)
  4 adders
  An ooze (D:1)
  A dart slug (D:3)
  A leopard gecko (D:2)
  5 orcs (D:3)
  A ball python (D:1)
  2 giant cockroaches (D:2)
  8 goblins
  8 hobgoblins
  10 kobolds
  A quokka (D:2)
  9 bats
  4 frilled lizards
  5 rats
62 creatures vanquished.

Notes
Turn   | Place    | Note
-------+----------+-------------------------------------------
     0 | D:1      | Scytalen the Tengu Fire Elementalist began the quest for the Orb.
     0 | D:1      | Reached XP level 1. HP: 10/10 MP: 4/4
   244 | D:1      | Reached XP level 2. HP: 15/15 MP: 0/6
  1059 | D:2      | Reached XP level 3. HP: 19/19 MP: 7/7
  1075 | D:2      | Reached skill level 4 in Fire Magic
  1676 | D:2      | Found a burning altar of Makhleb.
  1686 | D:2      | Found a basalt altar of Yredelemnul.
  1746 | D:2      | Learned a level 3 spell: Conjure Flame
  1782 | D:3      | Reached XP level 4. HP: 24/24 MP: 5/8
  2384 | D:3      | Gained mutation: You can fly. [Tengu growth]
  2384 | D:3      | Reached XP level 5. HP: 26/28 MP: 1/9
  2405 | D:3      | Reached skill level 5 in Fire Magic
  3066 | D:3      | Slain by a centaur zombie

Vault maps used:
D:1:      saegor_arrival_simple_a
D:2:      minitemple
D:3:      first_bread

Skill      XL: |  1  2  3  4  5 |
---------------+----------------+-----
Conjurations   | 2 3 4 |  4.7
Fire Magic     | 4 5 |  5.2
Dodging        | |  2.1
Stealth        | |  2.0
Spellcasting   | |  2.0

Action                   |  1- 3 |  4- 6 || total
-------------------------+-------+-------++-------
 Fire: Hunting sling     |    45 |    36 ||    81
Throw: Stone             |    16 |       ||    16
 Cast: Flame Tongue      |    57 |    43 ||   100
  Eat: Chunk             |     4 |     4 ||     8
Armor: Robe              |     7 |     4 ||    11
Dodge: Dodged            |    16 |    16 ||    32
